 Dungeon Crawl Stone Soup version 0.29-a0-284-gf9362112df (webtiles) character file.

Game seed: 15978302951940869492

37 sammy202020 the Skirmisher (level 3, 0/43 HPs)
             Began as a Demonspawn Berserker on Mar 23, 2022.
             Was a Follower of Trog.
             Succumbed to an adder's poison
             ... on level 2 of the Dungeon on Mar 24, 2022.
             The game lasted 00:02:51 (1430 turns).

sammy202020 the Skirmisher (Demonspawn Berserker)   Turns: 1430, Time: 00:02:51

Health: 0/43       AC:  2    Str: 17    XL:     3   Next: 21%
Magic:  3/3        EV: 12    Int: 10    God:    Trog [*.....]
Gold:   67         SH:  0    Dex: 12    Spells: 2/2 levels left

rFire   . . .      SeeInvis .   a - +0 hand axe
rCold   . . .      Faith    .   (no shield)
rNeg    . . .      Spirit   .   b - +0 animal skin
rPois   .          Reflect  .   (no helmet)
rElec   .          Harm     .   (no cloak)
rCorr   .          Rampage  .   (no gloves)
Will    .....                   (no boots)
Stlth   ..........              (no amulet)
HPRegen 0.14/turn               (no ring)
MPRegen 0.08/turn               (no ring)

@: berserking, lethally poisoned (0 -> -6), very quick
A: foul stench 2
a: Renounce Religion, Berserk


You were on level 2 of the Dungeon.
You worshipped Trog.
Trog was aware of your devotion.
You visited 1 branch of the dungeon, and saw 2 of its levels.

You collected 67 gold pieces.

Inventory:

Hand Weapons
 a - a +0 hand axe (weapon)
 h - a +0 mace
Missiles
 g - 6 javelins (quivered)
Armour
 b - a +0 animal skin (worn)
 j - a +0 pair of boots
Jewellery
 d - an amulet of magic regeneration
Scrolls
 e - a scroll of summoning {unknown}
 f - a scroll of immolation {unknown}
Potions
 c - a potion of flight {unknown}
 i - a potion of curing {unknown}


   Skills:
 * Level 3.4 Fighting
 * Level 3.1 Axes
 * Level 2.3 Armour
 - Level 1.7 Dodging
 + Level 0.7 Evocations


You had 2 spell levels left.
You didn't know any spells.
Your spell library was empty.

Dungeon Overview and Level Annotations

Branches:
Dungeon (2/15)

Altars:


Innate Abilities, Weirdness & Mutations

You sometimes emit foul miasma when damaged in melee.


Message History

The jackal moves out of view.
You see here a +0 pair of boots.
An adder comes into view.
The jackal bites you but does no damage.
The jackal bites you.
* * * LOW HITPOINT WARNING * * *
You emit a cloud of foul miasma!
The jackal is engulfed in dark miasma.
The jackal is poisoned.
The jackal seems to slow down.
You kill the jackal!
Trog accepts your kill.
You see here a +0 pair of boots.
j - a +0 pair of boots The adder hisses angrily.
A rat comes into view.
Okay, then.
The adder misses you. The adder bites you.
* * * LOW HITPOINT WARNING * * *
You are lethally poisoned!
The adder poisons you!
You closely miss the adder.
* * * LOW HITPOINT WARNING * * *
You feel sick. The adder closely misses you.
You closely miss the adder.
* * * LOW HITPOINT WARNING * * *
You feel sick. The adder barely misses you. x2
A red film seems to cover your vision as you go berserk!
You feel yourself moving faster!
You feel mighty!
* * * LOW HITPOINT WARNING * * *
You feel sick. The adder bites you.
* * * LOW HITPOINT WARNING * * *
You are more poisoned.
The adder poisons you!
Unknown command.
Unknown command.
You slash the adder!
You kill the adder!
Trog accepts your kill.
You die...

#....###.#.#...#.#
#....###...<####.#
####........#.......#
.................####
####.....#####..###
..............>...#
####.....##.##....#
####.....##.# ...#
.........r.@# .
.....######## .....
..... .S.. ...


You could see a rat.

Vanquished Creatures
  2 adders (D:2)
  A dart slug (D:1)
  4 endoplasms (D:1)
  A goblin (D:1)
  3 hobgoblins (D:1)
  5 jackals
  A quokka (D:1)
  2 ball pythons (D:1)
  2 bats (D:1)
  2 rats (D:1)
23 creatures vanquished.

Notes
Turn   | Place    | Note
-------+----------+-------------------------------------------
     0 | D:1      | sammy202020 the Demonspawn Berserker began the quest for
                  | the Orb.
     0 | D:1      | Reached XP level 1. HP: 18/18 MP: 1/1
   481 | D:1      | Gained mutation: You may rarely emit foul miasma when
                  | damaged in melee. [demonic ancestry]
   481 | D:1      | Reached XP level 2. HP: 22/24 MP: 2/2
  1409 | D:2      | Gained mutation: You sometimes emit foul miasma when
                  | damaged in melee. [demonic ancestry]
  1409 | D:2      | Reached XP level 3. HP: 10/29 MP: 3/3
  1429 | D:2      | HP: 1/43 [adder (2)]
  1430 | D:2      | Succumbed to an adder's poison

Illustrated notes

Levels and vault maps discovered:
D:1:      minmay_arrival_up_and_down, layout_basic
D:2:      layout_basic, uniq_natasha, uniq_jessica

Skill      XL: |  1  2 |
---------------+-------+-----
Armour         | 2 |  2.3
Axes           | 3 |  3.1
Fighting       | |  3.4
Dodging        | |  1.7
Evocations     | |  0.7

Action                   || total
-------------------------++-------
Melee: Hand axe          ||    65
Invok: Berserk           ||     1
 Stab: Sleeping          ||     4
Armor: Animal skin       ||    16
Dodge: Dodged            ||    43

Table legend: (Time is in decaauts)
 A = Elapsed time spent in this place.
 B = Non-inter-level travel time spent in this place.
 C = Inter-level travel time spent in this place.
 D = Time resting spent in this place.
 E = Time spent auto-exploring this place.
 F = Levels seen in this place.
 G = Mean time per level.
                   A        B        C        D        E       F      G
               +--------+--------+--------+--------+--------+-----+--------+
         Total |   1440 |   1416 |     24 |      0 |   1214 |   2 |  720.0 |
       Dungeon |   1440 |   1416 |     24 |      0 |   1214 |   2 |  720.0 |
               +--------+--------+--------+--------+--------+-----+--------+

Top non-repeatable levels by time:
     D:1: 1387 daAuts
     D:2: 52 daAuts
